 Dungeon Crawl Stone Soup version 0.21-a0-498-g1b60429 (webtiles) character file.

12189 sagitran the Zephyrmancer (level 11, -4/54 HPs)
             Began as a Tengu Air Elementalist on Nov 24, 2017.
             Was an Elder of Vehumet.
             Hit by a tomahawk thrown by an orc warrior (14 damage)
             ... on level 2 of the Orcish Mines.
             The game lasted 02:11:48 (14829 turns).

sagitran the Zephyrmancer (Tengu Air Elementalist) Turns: 14829, Time: 02:11:50

Health: -4/54      AC:  9    Str: 16      XL:     11   Next: 89%
Magic:  14/33      EV: 12    Int: 24      God:    Vehumet [****..]
Gold:   917        SH:  0    Dex: 14 (17) Spells: 5/26 levels left

rFire    . . .     SeeInvis +   A - +10 dagger "Zoik" {flame, *Drain rPois rN++ Str+3}
rCold    x . .     Gourm    +   (no shield)
rNeg     + + +     Faith    .   S - +1 scale mail "Loiloepp" {rElec rC- MP+9 Str+4}
rPois    +         Spirit   .   (helmet restricted)
rElec    +         Reflect  .   t - +2 cloak
rCorr    .         Harm     .   I - +0 pair of gloves
MR       +....                  (boots unavailable)
Stlth    ..........             f - amulet of the gourmand
HPRegen  0.18/turn              E - ring of positive energy
MPRegen  0.23/turn              v - ring "Woisin" {*Corrode rN++ Int+6 SInv}

@: confused
A: beak, talons 3, agile 1, deformed body, frail 1, magic resistance 1, able to
fly 1
a: Fly, Renounce Religion


You were on level 2 of the Orcish Mines.
You worshipped Vehumet.
Vehumet was greatly pleased with you.
You were very full.

You visited 3 branches of the dungeon, and saw 14 of its levels.
You also visited: Labyrinth.

You collected 917 gold pieces.

Inventory:

Hand Weapons
 e - a +1 short sword
 p - a +2 dagger of venom
 A - the +10 dagger "Zoik" (weapon) {flame, *Drain rPois rN++ Str+3}
   (You took it off an orc priest on level 4 of the Dungeon)

   It has been specially enchanted to burn those struck by it, causing extra
   injury to most foes and up to half again as much damage against particularly
   susceptible opponents.
   It affects your strength (+3).
   It protects you from poison.
   It greatly protects you from negative energy.
   It causes draining when unequipped.
 O - the +2 hand axe of Capital Punishment {freeze, Str+3, unknown}
   (You found it in a labyrinth)

   It has been specially enchanted to freeze those struck by it, causing extra
   injury to most foes and up to half again as much damage against particularly
   susceptible opponents.
   It can also slow down cold-blooded creatures.
   It affects your strength (+3).
Missiles
 Q - a throwing net (quivered)
Armour
 q - a +0 leather armour
 t - a +2 cloak (worn)
 I - a +0 pair of gloves (worn)
 N - a +2 robe of fire resistance
 S - the +1 scale mail "Loiloepp" (worn) {rElec rC- MP+9 Str+4}
   (You found it in a labyrinth)

   It affects your strength (+4).
   It makes you vulnerable to cold.
   It insulates you from electricity.
   It affects your magic capacity (+9).
Magical Staves
 U - an uncursed staff of earth {unknown}
Jewellery
 a - a +2 amulet of reflection
 f - an amulet of the gourmand (around neck)
 j - a +2 ring of intelligence
 v - the ring "Woisin" (right hand) {*Corrode rN++ Int+6 SInv}
   (You found it on level 9 of the Dungeon)

   [ring of see invisible]

   It affects your intelligence (+6).
   It greatly protects you from negative energy.
   It lets you see invisible.
   It may corrode you when you take damage.
 E - a ring of positive energy (left hand)
 H - an uncursed ring of positive energy
 P - a +4 ring of dexterity
Wands
 r - a wand of flame (47)
 w - a wand of digging (6)
 x - a wand of enslavement (14)
 B - a wand of polymorph (14)
 D - a wand of scattershot (2)
 F - a wand of disintegration (13)
 L - a wand of acid (8)
 V - a wand of iceblast (10)
Scrolls
 b - 2 scrolls of enchant armour
 c - a scroll of enchant weapon
 d - a scroll of teleportation
 m - 8 scrolls of remove curse
 C - a scroll of fear
 W - a scroll of immolation
Potions
 h - a potion of degeneration
 i - 6 potions of brilliance
 l - 2 potions of might {unknown}
 o - 4 potions of flight
 s - 2 potions of agility
 z - 2 potions of magic
 J - 2 potions of lignification
 K - a potion of haste
Books
 g - the Guide on Excruciating Changing
   (You acquired it on level 5 of the Dungeon)

   Spells                             Type                      Level
   a - Throw Flame                    Conjuration/Fire             2
   b - Throw Frost                    Conjuration/Ice              2
   c - Passwall                       Transmutation/Earth          2
   d - Conjure Flame                  Conjuration/Fire             3
   e - Ignite Poison                  Fire/Transmutation/Poison    3
   f - Lightning Bolt                 Conjuration/Air              5
   g - Bolt of Fire                   Conjuration/Fire             6
 y - a book of Misfortune

   Spells                             Type                      Level
   a - Confusing Touch                Hexes                        1
   b - Confuse                        Hexes                        3
   c - Gell's Gravitas                Translocation                3
   d - Petrify                        Transmutation/Earth          4
   e - Metabolic Englaciation         Hexes/Ice                    5
   f - Yara's Violent Unravelling     Hexes/Transmutation          5
 M - a book of Fire

   Spells                             Type                      Level
   a - Ignite Poison                  Fire/Transmutation/Poison    3
   b - Fireball                       Conjuration/Fire             5
   c - Bolt of Fire                   Conjuration/Fire             6
   d - Ring of Flames                 Charms/Fire                  7
   e - Ignition                       Fire                         8
Comestibles
 k - 6 royal jellies
 u - 11 meat rations
 G - 6 bread rations
 T - 3 fruits
 X - 6 chunks of flesh


   Skills:
 + Level 4.1 Fighting
 + Level 7.6 Short Blades
 + Level 4.3 Armour
 + Level 5.6 Dodging
 + Level 5.9 Stealth
 + Level 8.1 Spellcasting
 + Level 8.9 Conjurations
 + Level 0.7 Charms
 + Level 1.0 Transmutations
 + Level 2.2 Fire Magic
 + Level 11.9 Air Magic
 + Level 2.1 Poison Magic
 + Level 1.4 Evocations


You had 5 spell levels left.
You knew the following spells:

 Your Spells              Type           Power        Failure   Level  Hunger
a - Shock                 Conj/Air       ####         1%          1    None
b - Swiftness             Chrm/Air       #####...     2%          2    None
c - Static Discharge      Conj/Air       ######..     1%          3    None
d - Airstrike             Air            ######....   1%          4    ##.....
e - Lightning Bolt        Conj/Air       ######....   2%          5    #####..
f - Mephitic Cloud        Conj/Pois/Air  #####...     1%          3    None
g - Ignite Poison         Fire/Tmut/Pois ###.....     9%          3    None


Dungeon Overview and Level Annotations

Branches:
Dungeon (11/15)            Temple (1/1) D:5            Lair (0/6) D:11
    Orc (2/2) D:11
    Elf: Orc:2

Altars:
Ashenzari
Cheibriados
Dithmenos
Elyvilon
Fedhas
Gozag
Hepliaklqana
Kikubaaqudgha
Makhleb
Nemelex Xobeh
Okawaru
Qazlal
Ru
Sif Muna
Trog
Uskayaw
Vehumet
Wu Jian
Xom
Yredelemnul
Zin
The Shining One

Shops:
D:6 =   D:7 :   D:9 [   D:10 :

Annotations:
D:8 2 transporters


Innate Abilities, Weirdness & Mutations

You have a beak for a mouth.
You have claws for feet.
You can fly.
You are agile. (Dex +2)
Armour fits poorly on your strangely shaped body.
You are frail. (-10% HP)
You are resistant to hostile enchantments. (MR+)


Message History

The orc warrior is severely wounded.
An orc priest comes into view. It is wielding a club.
The orc priest shouts!
The orc priest mumbles some strange prayers to Beogh against you.
Beogh smites you!
* * * LOW HITPOINT WARNING * * *
The orc warrior throws a tomahawk.
The tomahawk completely misses you.
You are confused.
You feel invigorated. 2 orcs come into view.
An orc is wielding a falchion of holy wrath.
The orc warrior throws a tomahawk.
The tomahawk hits you!
* * * LOW HITPOINT WARNING * * *
You see here a tomahawk.
It was a potion of mutation.
You feel extremely strange.
You feel resistant to hostile enchantments.
Your body twists and deforms.
You feel frail.
You feel agile.
The orc shouts!
The orc warrior throws a tomahawk.
The tomahawk hits you!
You die...

............ .#
.............#.#
..........(....####.
.o..................
.o.o........##......
....o.........###.C##
..............#.#####
...................##
...........@........#
................###..##
.............((...# ...#
..................####.##
#.................#...##
.......................#
......................##
.....................#.##.#
.................#.#.......


You could see an orc warrior, an orc priest and 2 orcs.

Vanquished Creatures
  A minotaur (Lab)
  An unseen horror (D:11)
  3 cyclopes
  An ugly thing (D:11)
  3 trolls
  3 hornets
  A wyvern (D:8)
  10 yaks
  A steam dragon (D:8)
  Menkaure (D:5)
  2 wargs
  7 orc warriors
  2 black bears
  4 sky beasts
  A hornet zombie (D:5)
  4 ice beasts
  2 phantoms
  6 ogres
  A crocodile (D:10)
  6 centaurs
  4 bullfrogs
  3 scorpions
  A wyvern skeleton (D:11)
  4 killer bees (D:11)
  22 wights
  3 howler monkeys
  A crimson imp (D:11)
  A bullfrog zombie (D:10)
  6 hounds
  12 orc priests
  A quasit (D:11)
  8 iguanas
  4 orc wizards
  10 worker ants
  A hound zombie (D:6)
  3 hound skeletons
  A howler monkey zombie (D:6)
  12 adders
  2 shadow imps (D:9)
  An adder zombie (D:5)
  A worm (D:5)
  4 dart slugs
  6 leopard geckos
  34 orcs
  2 ball pythons
  5 giant cockroaches
  6 hobgoblins
  22 jackals
  9 kobolds
  3 quokkas
  15 bats
  5 frilled lizards
  7 goblins
  A leopard gecko skeleton (D:5)
  A quokka skeleton (D:5)
  6 rats
287 creatures vanquished.

Notes
Turn   | Place    | Note
-------+----------+-------------------------------------------
     0 | D:1      | sagitran the Tengu Air Elementalist began the quest for the Orb.
     0 | D:1      | Reached XP level 1. HP: 10/10 MP: 4/4
   276 | D:1      | Reached XP level 2. HP: 12/15 MP: 4/6
   280 | D:1      | Learned a level 2 spell: Swiftness
   574 | D:1      | Reached XP level 3. HP: 18/19 MP: 3/7
   665 | D:1      | Learned a level 3 spell: Static Discharge
  1502 | D:2      | Reached skill level 1 in Short Blades
  1502 | D:2      | Reached XP level 4. HP: 23/24 MP: 7/9
  1615 | D:2      | Found a blossoming altar of Fedhas.
  2254 | D:3      | Reached skill level 5 in Air Magic
  2598 | D:3      | Gained mutation: You can fly. [Tengu growth]
  2598 | D:3      | Reached XP level 5. HP: 24/28 MP: 10/10
  3113 | D:4      | Found a deep blue altar of Sif Muna.
  3362 | D:4      | Learned a level 4 spell: Airstrike
  3433 | D:4      | Reached XP level 6. HP: 25/33 MP: 8/11
  3634 | D:4      | Reached skill level 1 in Fighting
  3819 | D:4      | Got a steaming dagger {flame}
  3827 | D:4      | Identified the +10 dagger "Zoik" {flame, *Drain rPois rN++ Str+3} (You took it off an orc priest on level 4 of the Dungeon)
  3943 | D:5      | Entered Level 5 of the Dungeon
  4084 | D:5      | Found a glowing silver altar of Zin.
  4498 | D:5      | Reached XP level 7. HP: 38/38 MP: 3/13
  4727 | D:5      | Found a snail-covered altar of Cheibriados.
  4740 | D:5      | Reached skill level 6 in Air Magic
  4750 | D:5      | Noticed Menkaure
  4755 | D:5      | Killed Menkaure
  4984 | D:5      | Identified a scroll of acquirement
  4984 | D:5      | Identified the Guide on Excruciating Changing (You acquired it on level 5 of the Dungeon)
  4999 | D:5      | Found a staircase to the Ecumenical Temple.
  5004 | Temple   | Entered the Ecumenical Temple
  5454 | D:5      | Reached XP level 8. HP: 43/44 MP: 15/15
  5698 | D:5      | Learned a level 5 spell: Lightning Bolt
  5722 | D:6      | Found a radiant altar of Vehumet.
  5730 | D:6      | Became a worshipper of Vehumet
  5862 | D:6      | Reached skill level 7 in Air Magic
  6256 | D:6      | Reached skill level 5 in Conjurations
  6389 | D:6      | Reached * piety under Vehumet
  6389 | D:6      | Offered knowledge of Sandblast by Vehumet.
  6404 | D:6      | Reached skill level 5 in Spellcasting
  6413 | D:6      | Reached skill level 5 in Short Blades
  6413 | D:6      | Reached XP level 9. HP: 32/49 MP: 2/17
  6419 | D:6      | Found Tenolex's Jewellery Emporium.
  6633 | D:6      | Found a basalt altar of Yredelemnul.
  6965 | D:7      | Found Zivischue's Book Shoppe.
  7189 | D:8      | Reached skill level 8 in Air Magic
  7198 | D:8      | Noticed a green ugly thing
  7319 | D:8      | Found a transporter.
  7520 | D:8      | Reached skill level 5 in Stealth
  7526 | D:8      | Noticed a wolf spider
  7542 | D:8      | Noticed a catoblepas
  7731 | D:8      | Reached ** piety under Vehumet
  7731 | D:8      | Offered knowledge of Magic Dart by Vehumet.
  8024 | D:8      | Found a transporter.
  8092 | D:8      | Found an ornate altar of the Wu Jian Council.
  8420 | D:9      | Reached skill level 1 in Armour
  8517 | D:9      | Reached XP level 10. HP: 32/56 MP: 20/20
  8791 | D:9      | Got a fine granite ring
  8794 | D:9      | Identified the ring "Woisin" {*Corrode rN++ Int+6 SInv} (You found it on level 9 of the Dungeon)
  8923 | D:9      | Found Ischeury's Armour Emporium.
  9118 | D:9      | Reached skill level 1 in Evocations
  9429 | D:10     | Entered Level 10 of the Dungeon
  9439 | D:10     | Found Ucleh's Book Emporium.
  9458 | D:10     | Reached skill level 5 in Dodging
  9584 | D:10     | Reached skill level 9 in Air Magic
  9608 | D:10     | Offered knowledge of Searing Ray by Vehumet.
  9740 | D:10     | Reached *** piety under Vehumet
  9977 | D:10     | Reached skill level 10 in Air Magic
 10116 | D:10     | Offered knowledge of Mephitic Cloud by Vehumet.
 10116 | D:10     | Reached XP level 11. HP: 60/60 MP: 5/22
 10145 | D:10     | Learned a level 3 spell: Mephitic Cloud
 10157 | D:10     | Learned a level 3 spell: Ignite Poison
 10165 | D:11     | Found a staircase to the Lair.
 10176 | D:11     | Noticed an unseen horror
 10574 | D:11     | Noticed a cyclops
 10579 | D:11     | Killed a cyclops
 10624 | D:11     | Reached skill level 11 in Air Magic
 10632 | D:11     | Found a staircase to the Orcish Mines.
 10723 | D:11     | Found a labyrinth entrance.
 10736 | Lab      | Entered a labyrinth
 13082 | Lab      | Noticed a minotaur
 13093 | Lab      | Killed a minotaur
 13098 | Lab      | Got a translucent hand axe
 13098 | Lab      | Got a dazzling scale mail
 13098 | Lab      | Got an encrusted plate armour
 13109 | Lab      | Identified the +1 scale mail "Loiloepp" {rElec rC- MP+9 Str+4} (You found it in a labyrinth)
 13119 | Lab      | Identified the +2 plate armour of the Monkey's Uncle {Regen+ Str+3 Int-4} (You found it in a labyrinth)
 13166 | D:11     | Noticed a cyclops
 13172 | D:11     | Killed a cyclops
 13386 | D:11     | Killed an unseen horror
 13386 | D:11     | Reached skill level 1 in Poison Magic
 13752 | D:11     | Noticed a white ugly thing
 13769 | D:11     | Killed a white ugly thing
 13769 | D:11     | Reached **** piety under Vehumet
 13769 | D:11     | Reached skill level 1 in Fire Magic
 14145 | Orc:1    | Entered Level 1 of the Orcish Mines
 14560 | Orc:1    | Offered knowledge of Iskenderun's Mystic Blast by Vehumet.
 14577 | Orc:1    | Reached skill level 1 in Transmutations
 14748 | Orc:2    | Entered Level 2 of the Orcish Mines
 14781 | Orc:2    | Noticed a cyclops
 14810 | Orc:2    | Killed a cyclops
 14829 | Orc:2    | Gained mutation: You are resistant to hostile enchantments. (MR+) [potion of mutation]
 14829 | Orc:2    | Gained mutation: Armour fits poorly on your strangely shaped body. [potion of mutation]
 14829 | Orc:2    | Gained mutation: You are frail. (-10% HP) [potion of mutation]
 14829 | Orc:2    | Gained mutation: You are agile. (Dex +2) [potion of mutation]
 14829 | Orc:2    | Hit by a tomahawk thrown by an orc warrior

Vault maps used:
D:1:      nicolae_arrival_washed_ashore
D:2:      nicolae_overflow_hidden_temple
D:3:      chequers_big_river
D:4:      hangedman_glass_teeth, led_sif_pool
D:5:      slow_altar_1, temple_statues, first_bread, basic_altar,
          kennysheep_generic_room_7, uniq_menkaure
D:6:      vehumet_crystals, basic_altar, serial_shops, nicolae_shop_stone
D:7:      serial_shops, shop
D:8:      gammafunk_sealed_arena, kennysheep_mini_moat
D:9:      serial_shops, shop
D:10:     serial_shops, shop, grunt_ogre_cave
D:11:     lair_entry_dummy, david_orc_3, lab_entry_generic,
          kennysheep_cross_room
Temple:   eino_narrow_crystal_temple
Orc:1:    cheibrodos_orc_bank
Orc:2:    grunt_orc_tribal_feast

Skill      XL: |  1  2  3  4  5  6  7  8  9 10 11 |
---------------+----------------------------------+-----
Short Blades   | 1 2 3 5 6 7 |  7.6
Air Magic      | 5 6 7 8 10 11 | 11.9
Conjurations   | 2 3 4 5 6 8 |  8.9
Stealth        | 3 4 5 |  5.9
Spellcasting   | 3 4 5 6 7 8 |  8.1
Dodging        | 3 4 5 |  5.6
Fighting       | 1 2 3 4 |  4.1
Armour         | 1 3 4 |  4.3
Evocations     | 1 |  1.4
Poison Magic   | 2 |  2.1
Fire Magic     | 2 |  2.2
Transmutations | 1 |  1.0
Charms         | |  0.7

Action                   |  1- 3 |  4- 6 |  7- 9 | 10-12 || total
-------------------------+-------+-------+-------+-------++-------
Melee: Unarmed           |     5 |       |       |       ||     5
       Kick              |     5 |    17 |    38 |    40 ||   100
       Peck              |     3 |    12 |    33 |    30 ||    78
       Short sword       |    28 |    13 |       |       ||    41
       Dagger            |       |    72 |   192 |   162 ||   426
 Cast: Shock             |    50 |    51 |    36 |    46 ||   183
       Swiftness         |       |     2 |     1 |       ||     3
       Airstrike         |       |     2 |       |    20 ||    22
       Lightning Bolt    |       |       |    13 |    31 ||    44
       Static Discharge  |       |       |     5 |       ||     5
       Mephitic Cloud    |       |       |       |    31 ||    31
       Ignite Poison     |       |       |       |    21 ||    21
 Abil: Fly               |       |     2 |       |       ||     2
Evoke: Wand              |       |       |     1 |       ||     1
  Use: Scroll            |     3 |     8 |     9 |    12 ||    32
       Potion            |       |     1 |     9 |     8 ||    18
 Stab: Sleeping          |     4 |     4 |     4 |     5 ||    17
       Invisible         |       |       |       |     1 ||     1
  Eat: Chunk             |     2 |    12 |    26 |    20 ||    60
       Bread ration      |       |     1 |       |     1 ||     2
       Fruit             |       |       |       |     3 ||     3
Armor: Robe              |    15 |    19 |    21 |       ||    55
       Leather armour    |       |       |     3 |    18 ||    21
       Scale mail        |       |       |       |    18 ||    18
Dodge: Dodged            |    39 |    51 |   132 |    92 ||   314

Table legend:
 A = Spawn XP
 B = Non-spawn XP
 C = Spawn XP percentage of total XP
 D = Spawn monster count
 E = Non-spawn monster count
 F = Spawn count percentage of total count
 G = Total turns spent on level
                    A         B        C        D         E        F      G
               +---------+---------+-------+---------+---------+-------+---------
         Total |       0 |   17413 |   0.0 |       0 |     287 |   0.0 | 14829
               +---------+---------+-------+---------+---------+-------+---------
           D:1 |       0 |      41 |   0.0 |       0 |      23 |   0.0 |  1085
           D:2 |       0 |      57 |   0.0 |       0 |      27 |   0.0 |   876
           D:3 |       0 |      85 |   0.0 |       0 |      21 |   0.0 |  1148
           D:4 |       0 |     290 |   0.0 |       0 |      15 |   0.0 |   869
           D:5 |       0 |    1181 |   0.0 |       0 |      24 |   0.0 |  1651
           D:6 |       0 |     878 |   0.0 |       0 |      29 |   0.0 |   862
           D:7 |       0 |     556 |   0.0 |       0 |      13 |   0.0 |   731
           D:8 |       0 |    1268 |   0.0 |       0 |      21 |   0.0 |  1020
           D:9 |       0 |    1744 |   0.0 |       0 |      25 |   0.0 |  1049
          D:10 |       0 |    3323 |   0.0 |       0 |      36 |   0.0 |  1016
          D:11 |       0 |    5247 |   0.0 |       0 |      41 |   0.0 |  1570
         Orc:1 |       0 |     781 |   0.0 |       0 |       9 |   0.0 |   280
         Orc:2 |       0 |     857 |   0.0 |       0 |       2 |   0.0 |    81
           Lab |       0 |    1105 |   0.0 |       0 |       1 |   0.0 |  2395
               +---------+---------+-------+---------+---------+-------+---------
